 Dungeon Crawl Stone Soup version 0.24.0-1-gfbc8707122 (webtiles) character file.

Game seed: 6763732190183516476, levelgen mode: deterministic

182 Arum the Slasher (level 5, -3/32 HPs)
             Began as a Tengu Gladiator on Oct 26, 2019.
             Slain by a gnoll
             ... wielding a +0 trident
              (9 damage)
             ... on level 4 of the Dungeon.
             The game lasted 00:06:24 (2630 turns).

Arum the Slasher (Tengu Gladiator)                  Turns: 2630, Time: 00:06:25

Health: -3/32      AC:  6    Str: 14    XL:     5   Next: 61%
Magic:  6/6        EV: 13    Int:  9    God:
Gold:   42         SH:  0    Dex: 16    Spells: 4/4 levels left

rFire    . . .     SeeInvis .   a - +0 long sword
rCold    . . .     Gourm    .   (no shield)
rNeg     . . .     Faith    .   e - +0 ring mail
rPois    .         Spirit   .   c - +0 hat
rElec    .         Reflect  .   s - +0 cloak
rCorr    .         Harm     .   (no gloves)
MR       .....                  (boots unavailable)
Stlth    +.........             (no amulet)
HPRegen  0.10/turn              (no ring)
MPRegen  0.10/turn              (no ring)

@: no status effects
A: beak, talons 3, able to fly
a: Fly


You were on level 4 of the Dungeon.
You were hungry.

You visited 1 branch of the dungeon, and saw 4 of its levels.

You collected 180 gold pieces.
You spent 138 gold pieces at shops.

Inventory:

Hand Weapons
 a - a +0 long sword (weapon)
Missiles
 d - 3 throwing nets (quivered)
Armour
 c - a +0 hat (worn)
 e - a +0 ring mail (worn)
 j - a +1 robe of magic resistance
 s - a +0 cloak (worn)
Jewellery
 r - an uncursed ring of see invisible {unknown}
Scrolls
 g - a scroll of enchant weapon {unknown}
 h - 2 scrolls of amnesia {unknown}
 i - 4 scrolls of identify
 l - a scroll of fog {unknown}
 m - 3 scrolls of teleportation
 p - 3 scrolls of remove curse
 u - a scroll of immolation
Potions
 b - a potion of cancellation {unknown}
 k - a potion of flight {unknown}
 n - a potion of curing {unknown}
 o - a potion of degeneration {unknown}
 q - a potion of invisibility {unknown}
Comestibles
 f - 6 rations


   Skills:
 + Level 3.6 Fighting
 + Level 4.7 Long Blades
 - Level 2.0 Throwing
 + Level 4.6 Dodging


You had 4 spell levels left.
You didn't know any spells.
Your spell library was empty.

Dungeon Overview and Level Annotations

Branches:
Dungeon (4/15)
 Temple: D:4-7

Altars:
Wu Jian

Shops:
D:4 ?


Innate Abilities, Weirdness & Mutations

You have a beak for a mouth.
You have claws for feet.
You can fly continuously.


Message History

You climb upwards.
There is a stone staircase leading down here.
You start resting.
All of the chunks of flesh in your inventory have rotted away.
You are feeling hungry.
You climb downwards.
There is a stone staircase leading up here.
The gnoll hits you with a +0 trident!
* * * LOW HITPOINT WARNING * * *
You are too injured to fight recklessly!
You are too injured to fight recklessly!
You are too injured to fight recklessly!
You hit the gnoll. You claw the gnoll.
The gnoll is heavily wounded.
The gnoll hits you with a +0 trident.
* * * LOW HITPOINT WARNING * * *
You hit the gnoll. Your kick misses the gnoll.
The gnoll is almost dead.
The gnoll hits you with a +0 trident!
You die...

#. #.........
.##...[.....
..#.........
#.#.........
######.#.........
##......#.........
##.(...........>...
#.......[<@g.#
#..........#.#
#......[...#.#
#..........#g# #
#........∩.#.########.#
##....................
##........##.......##.#
#
#..........###.........
..
#..........####.#.....
...


You could see a gnoll.

Vanquished Creatures
  2 orc wizards
  3 adders
  3 gnolls (D:4)
  An ooze (D:4)
  2 worms
  A dart slug (D:2)
  2 leopard geckos (D:2)
  7 orcs
  A giant cockroach (D:2)
  8 goblins
  8 hobgoblins
  4 kobolds
  A quokka (D:2)
  2 bats (D:3)
  3 frilled lizards
  7 rats
55 creatures vanquished.

Notes
Turn   | Place    | Note
-------+----------+-------------------------------------------
     0 | D:1      | Arum the Tengu Gladiator began the quest for the Orb.
     0 | D:1      | Reached XP level 1. HP: 12/12 MP: 2/2
    50 | D:1      | You fall into a shaft and drop 1 floor!
   146 | D:2      | Reached XP level 2. HP: 17/17 MP: 3/3
   331 | D:2      | Reached XP level 3. HP: 21/22 MP: 4/4
  1280 | D:3      | Found an ornate altar of the Wu Jian Council.
  1608 | D:3      | Reached XP level 4. HP: 25/27 MP: 5/5
  1914 | D:3      | Gained mutation: You can fly continuously. [Tengu growth]
  1914 | D:3      | Reached XP level 5. HP: 29/32 MP: 6/6
  2262 | D:4      | Found Qeseit's Magic Scroll Shoppe.
  2425 | D:4      | Bought a scroll of immolation for 42 gold pieces
  2425 | D:4      | Bought a scroll of remove curse for 36 gold pieces
  2425 | D:4      | Bought a scroll of identify for 24 gold pieces
  2425 | D:4      | Bought a scroll of teleportation for 36 gold pieces
  2630 | D:4      | Slain by a gnoll

Levels and vault maps discovered:
D:1:      noname_arrival_rooms_in_the_neighbourhood, layout_rooms,
          minmay_crystal_room, minmay_misc_feat_square
D:2:      minmay_door_path, layout_loops_ring, minmay_misc_feat_pillars
D:3:      minmay_bubble_buster, layout_basic, lemuel_round_altar, first_ration,
          palyth_stone_intersect, serial_bayou_pond_e
D:4:      layout_rooms, serial_shops, shop

Skill      XL: |  1  2  3  4 |
---------------+-------------+-----
Long Blades    | 4 |  4.7
Dodging        | 4 |  4.6
Fighting       | 3 |  3.6
Throwing       | |  2.0

Action                   |  1- 3 |  4- 6 || total
-------------------------+-------+-------++-------
Melee: Long sword        |    64 |    60 ||   124
       Kick              |    20 |    18 ||    38
       Peck              |     9 |    17 ||    26
  Eat: Chunk             |     2 |     3 ||     5
Armor: Ring mail         |    13 |    20 ||    33
Dodge: Dodged            |    33 |    52 ||    85
       Rpst.: Long sword |    11 |    13 ||    24
